 Dungeon Crawl Stone Soup version 0.19.0 (webtiles) character file.

65 Querens the Shield-Bearer (level 4, 0/29 HPs)
             Began as a Gargoyle Fighter on Nov 2, 2016.
             Slain by a hobgoblin
             ... wielding a +0 club
              (3 damage)
             ... on level 3 of the Dungeon.
             The game lasted 00:05:26 (1393 turns).

Querens the Shield-Bearer (Gargoyle Fighter)        Turns: 1393, Time: 00:05:27

Health: 0/29       AC: 10    Str: 25    XL:     4   Next: 13%
Magic:  4/4        EV:  5    Int:  9    God:
Gold:   84         SH: 15    Dex:  9    Spells: 0 memorised, 3 levels left

rFire  . . .     SeeInvis .     j - +0 mace
rCold  . . .     Gourm    .     b - +0 scale mail
rNeg   + . .     Faith    .     o - +0 large shield
rPois  ∞         Spirit   .     (no helmet)
rElec  +         Reflect  .     (no cloak)
rCorr  .         Harm     .     (no gloves)
MR     +....                    (no boots)
Stlth  ..........               (no amulet)
                                p - ring of protection from magic
                                g - ring of flight

@: mighty, very slightly contaminated, hasted, very quick
A: negative energy resistance 1, electricity resistance, unbreathing,
petrification resistance, rot immunity, AC +3
a: Evoke Flight


You were on level 3 of the Dungeon.
You were near starving.

You visited 1 branch of the dungeon, and saw 3 of its levels.

You collected 84 gold pieces.

Inventory:

Hand Weapons
 a - a +0 flail
 j - a +0 mace (weapon)
Armour
 b - a +0 scale mail (worn)
 c - a +0 shield
 o - a +0 large shield (worn)
Jewellery
 g - a ring of flight (left hand)
 p - a ring of protection from magic (right hand)
Scrolls
 k - 2 scrolls of fear {unknown}
 l - a scroll of noise {unknown}
 m - 3 scrolls of identify {unknown}
 q - a scroll of recharging {unknown}
 t - a scroll of remove curse {unknown}
 u - a scroll of teleportation {unknown}
 v - a scroll of blinking {unknown}
 y - a scroll of enchant armour {unknown}
Potions
 d - a potion of might
 e - a potion of haste
 i - a potion of flight {unknown}
 n - a potion of mutation {unknown}
 r - a potion of curing {unknown}
 s - a potion of magic {unknown}
 w - a potion of ambrosia {unknown}
 x - a potion of cure mutation {unknown}
 z - a potion of degeneration {unknown}
Comestibles
 f - 2 bread rations
 h - 3 meat rations


   Skills:
 + Level 3.7 Fighting
 + Level 2.6 Maces & Flails
 + Level 3.8 Armour
 + Level 4.1 Shields


You had 3 spell levels left.
You didn't know any spells.

Dungeon Overview and Level Annotations

Branches:
Dungeon (3/15)

Altars:
Gozag
Xom


Innate Abilities, Weirdness & Mutations

You are resistant to torment.
Your stone body is resilient. (AC +3)
You are immune to poison.
You resist negative energy. (rN+)
You are resistant to electric shocks. (rElec)
You can survive without breathing.
You are immune to petrification.
You are immune to rotting.


Message History

The hobgoblin hits you with a club.
* * * LOW HITPOINT WARNING * * *
The adder bites you but does no damage. The hobgoblin hits you with a club.
* * * LOW HITPOINT WARNING * * *
You feel very mighty all of a sudden. You block the adder's attack.
You block the hobgoblin's attack. The adder bites you but does no damage.
It was a potion of haste.
You feel yourself speed up. The adder bites you but does no damage.
You are very lightly contaminated with residual magic.
You closely miss the adder.
The adder is almost dead.
The hobgoblin hits you but does no damage.
You block the adder's attack.
You hit the adder.
You kill the adder!
You have reached level 4!
You feel clever. The hobgoblin hits you with a club.
You die...

.....#.......#
.....#.......#
....#......!#
........... #...)...# .
+.......+ .#
#.##..†g...# #..# .#
#......@..# ...
#.###.###.....# ##.
.... .........#
######.########....#
.......##.....#...##
.......##.###.#...#
.......##.#.#.#...#
.......##.#...#.#######
####.#.##.#.###........


You could see a hobgoblin.

Vanquished Creatures
  2 adders
  A dart slug (D:2)
  A worm (D:3)
  5 leopard geckos
  4 bats
  3 giant cockroaches
  5 goblins
  5 hobgoblins
  2 jackals (D:2)
  2 kobolds
  A ball python (D:3)
  3 frilled lizards (D:1)
  2 rats
36 creatures vanquished.

Notes
Turn   | Place    | Note
-------+----------+-------------------------------------------
     0 | D:1      | Querens the Gargoyle Fighter began the quest for the Orb.
     0 | D:1      | Reached XP level 1. HP: 14/14 MP: 1/1
    83 | D:1      | Reached XP level 2. HP: 13/19 MP: 2/2
   587 | D:2      | Found a faded altar of an unknown god.
   587 | D:2      | Found a faded altar of an unknown god.
   594 | D:2      | Found a faded altar of an unknown god.
   605 | D:2      | Found a faded altar of an unknown god.
   607 | D:2      | Found a shimmering altar of Xom.
   678 | D:2      | Reached XP level 3. HP: 16/24 MP: 3/3
   746 | D:2      | Reached skill level 4 in Shields
   996 | D:2      | Found an opulent altar of Gozag.
  1393 | D:3      | Reached XP level 4. HP: 2/29 MP: 4/4
  1393 | D:3      | Slain by a hobgoblin

Skill      XL: |  1  2  3 |
---------------+----------+-----
Shields        | 4 |  4.1
Fighting       | |  3.7
Maces & Flails | |  2.6
Armour         | |  3.8

Action                   |  1- 3 |  4- 6 || total
-------------------------+-------+-------++-------
Melee: Flail             |    57 |       ||    57
       Mace              |   104 |       ||   104
  Use: Potion            |     2 |       ||     2
Armor: Scale mail        |    76 |       ||    76
Dodge: Dodged            |    39 |       ||    39
Block: Shield            |    26 |       ||    26
       Large shield      |    83 |       ||    83
